 Dungeon Crawl Stone Soup version 0.19-a0-1740-g0bcaf2e (webtiles) character file.

200 4thArraOfDagon the Chopper (level 5, -9/47 HPs)
             Began as a Minotaur Monk on Oct 1, 2016.
             Was a Believer of Makhleb.
             Killed by divine providence
             ... invoked by an orc priest
              (15 damage)
             ... on level 6 of the Dungeon.
             The game lasted 00:03:54 (676 turns).

4thArraOfDagon the Chopper (Minotaur Monk)           Turns: 676, Time: 00:03:54

Health: -9/47      AC: 13    Str: 16    XL:     5   Next: 49%
Magic:  4/4        EV:  5    Int:  8    God:    Makhleb [**....]
Gold:   76         SH:  0    Dex: 10    Spells: 0 memorised, 4 levels left

rFire  . . .     SeeInvis .     a - +1 hand axe
rCold  + . .     Gourm    .     h - +0 plate armour
rNeg   . . .     Faith    .     (no shield)
rPois  .         Spirit   .     (helmet restricted)
rElec  .         Dismiss  .     i - +0 cloak
rCorr  .         Reflect  .     f - +0 pair of gloves
MR     .....     Harm     .     (no boots)
Stlth  ..........               (no amulet)
                                (no ring)
                                (no ring)

@: no status effects
A: retaliatory headbutt, horns 2, clumsy 1, cold resistance 1, slow regeneration
1
a: Minor Destruction, Renounce Religion


You were on level 6 of the Dungeon.
You worshipped Makhleb.
Makhleb was pleased with you.
You were not hungry.

You visited 2 branches of the dungeon, and saw 7 of its levels.

You collected 76 gold pieces.

Inventory:

Hand Weapons
 a - a +1 hand axe (weapon)
Armour
 f - a +0 pair of gloves (worn)
 h - a +0 plate armour (worn)
 i - a +0 cloak (worn)
Scrolls
 b - 2 scrolls of identify {unknown}
 e - a scroll of blinking {unknown}
 g - a scroll of noise {unknown}
Potions
 d - a potion of flight {unknown}
Comestibles
 c - a bread ration
 j - a meat ration


   Skills:
 + Level 4.6 Fighting
 * Level 5.9 Axes
 + Level 2.8 Armour
 - Level 3.5 Dodging
 - Level 1.5 Stealth


You had 4 spell levels left.
You didn't know any spells.

Dungeon Overview and Level Annotations

Branches:
Dungeon (6/15)             Temple (1/1) D:4

Altars:
Elyvilon
Hepliaklqana
Kikubaaqudgha
Makhleb
Nemelex Xobeh
Qazlal
Sif Muna
Uskayaw
Vehumet
Xom
Yredelemnul

Portals:
Ossuary: D:6

Annotations:
D:4 Sigmund
D:5 Dowan, Pikel


Innate Abilities, Weirdness & Mutations

You reflexively headbutt those who attack you in melee.
You have a pair of horns on your head.
You are clumsy. (Dex -2)
Your flesh is cold resistant. (rC+)
You regenerate slowly when monsters are visible.


Message History

The orc hits you but does no damage.
Found 12 gold pieces.
Found a stone staircase leading down.
Unknown command.
The orc priest invokes the aid of Beogh against you.
Beogh smites you!
Found a leather armour.
Unknown command.
A shadow imp comes into view.
The shadow imp shouts!
The shadow imp moves out of view.
You hear the slow hiss of an avalanche of sand nearby.
The shadow imp lashes its tail.
Unknown command.
You see here a short sword.
The orc priest invokes the aid of Beogh against you.
Beogh smites you!
* * * LOW HITPOINT WARNING * * *
The orc priest mumbles some strange prayers to Beogh against you.
Beogh smites you!
You die...

.... #.......#
.......###.......####..+
#..##..................# .
#...#.#................# ..
#.#.#.#...<.##.........# ...
#.#.....#...##..........
....###.#....###...#..........
............#####..#........#
........5.oo.@........o.....#
...##.o###+###.###'###.....#
##..## ##...##.##......#
##...###M....###.......#
#....o#.o.o...#......o.##
......##.o###'###...##......
#####.....[##∩##.......###o#
.>........###....##... ..
.......#...#..#####.#.$ ..


You could see an orc warrior, an orc priest, a shadow imp and an orc.

Vanquished Creatures
  A sky beast (D:5)
  A jelly (D:5)
  Robin (D:4)
  4 adders
  An adder skeleton (D:5)
  A worm (D:4)
  An orc (D:4)
  A bat (D:2)
  7 goblins
  7 hobgoblins
  A kobold (D:1)
  2 frilled lizards
  A hobgoblin zombie (D:6)
29 creatures vanquished.

Notes
Turn   | Place    | Note
-------+----------+-------------------------------------------
     0 | D:1      | 4thArraOfDagon the Minotaur Monk began the quest for the Orb.
     0 | D:1      | Reached XP level 1. HP: 19/19 MP: 0/0
    62 | D:2      | Reached skill level 4 in Axes
    62 | D:2      | Reached XP level 2. HP: 23/27 MP: 1/1
    68 | D:2      | Reached skill level 1 in Armour
    68 | D:2      | Reached XP level 3. HP: 29/33 MP: 2/2
   210 | D:5      | Entered Level 5 of the Dungeon
   217 | D:5      | Reached skill level 5 in Axes
   217 | D:5      | Reached XP level 4. HP: 34/40 MP: 3/3
   243 | D:4      | Noticed Sigmund
   284 | D:5      | Noticed a sky beast
   296 | D:5      | Killed a sky beast
   296 | D:5      | Reached XP level 5. HP: 12/47 MP: 4/4
   302 | D:5      | Gained mutation: You are weak. (Str -2) [mutagenic meat]
   305 | D:5      | Lost mutation: You are weak. (Str -2) [mutagenic meat]
   308 | D:5      | Gained mutation: You regenerate slowly when monsters are visible. [mutagenic meat]
   311 | D:5      | Gained mutation: You are clumsy. (Dex -2) [mutagenic meat]
   314 | D:5      | Gained mutation: Your flesh is cold resistant. (rC+) [mutagenic meat]
   317 | D:5      | mwgh
   330 | D:4      | Noticed Robin
   338 | D:5      | Noticed Pikel
   338 | D:5      | Noticed a slave
   345 | D:5      | Noticed a slave
   355 | D:4      | Killed Robin
   360 | D:4      | Found a staircase to the Ecumenical Temple.
   373 | Temple   | Entered the Ecumenical Temple
   467 | Temple   | Became a worshipper of Makhleb the Destroyer
   467 | Temple   | Reached * piety under Makhleb
   467 | Temple   | Reached ** piety under Makhleb
   577 | D:4      | You fall through a shaft!
   597 | D:5      | Noticed Dowan
   642 | D:6      | Noticed an orc warrior
   659 | D:6      | Found a sand-covered staircase.
   676 | D:6      | Killed from afar by an orc priest

Vault maps used:
D:1:      lightli_arrival_statue_moat, grunt_decor_fettered, minmay_tall_x
D:2:      tgw_trog
D:3:      first_bread
D:4:      kennysheep_mini_moat, lemuel_coloured_pillars_altar, serial_shops,
          shop_fountains, led_xom_imps, uniq_robin, uniq_sigmund
D:5:      basic_altar, grunt_dithmenos_shadows, uniq_pikel, uniq_duvessa,
          uniq_blork_the_orc
D:6:      slow_altar_1, lemuel_doored_altar, nicolae_ossuary_entry_giza,
          kennysheep_crisscross, fountainhead
Temple:   minmay_temple_curvy_loop

Skill      XL: |  1  2  3  4 |
---------------+-------------+-----
Axes           | 4 5 |  5.9
Armour         | 1 2 |  2.8
Fighting       | 4 |  4.6
Dodging        | |  3.5
Stealth        | |  1.5

Action                   |  1- 3 |  4- 6 || total
-------------------------+-------+-------++-------
Melee: Hand axe          |    19 |    42 ||    61
       Headbutt          |     3 |     6 ||     9
  Use: Scroll            |       |     2 ||     2
 Stab: Distracted        |     1 |       ||     1
  Eat: Chunk             |       |     6 ||     6
Armor: Robe              |     1 |       ||     1
       Plate armour      |     4 |    34 ||    38
Dodge: Dodged            |    12 |    14 ||    26
